 Dungeon Crawl Stone Soup version 0.29-a0-802-g34511f41fd (webtiles) character file.

Game seed: 15510859258172483392

72532 Ajdolov the Zephyrmancer (level 15, -4/149 HPs)
             Began as an Ogre Air Elementalist on July 3, 2022.
             Was a High Priest of Sif Muna.
             Slain by an orc warlord
             ... wielding a +0 vampiric war axe
              (13 damage)
             ... on level 1 of the Orcish Mines.
             The game lasted 01:21:45 (25162 turns).

Ajdolov the Zephyrmancer (Ogre Air Elementalist)   Turns: 25162, Time: 01:21:46

Health: -4/149     AC: 16    Str: 16    XL:     15   Next: 40%
Magic:  35/35      EV: 16    Int: 22    God:    Sif Muna [*****.]
Gold:   1403       SH:  0    Dex:  9    Spells: 0/29 levels left

rFire   . . .      SeeInvis .     - Unarmed
rCold   . . .      Faith    .   (shield currently unavailable)
rNeg    . . .      Spirit   .   (body armour currently unavailable)
rPois   ∞          Reflect  .   (helmet currently unavailable)
rElec   +          Harm     .   (cloak currently unavailable)
rCorr   .          Rampage  .   (gloves unavailable)
Will    ++...                   (boots unavailable)
Stlth   +.........              D - amulet of magic regeneration
HPRegen 0.34/turn               a - ring of magical power
MPRegen 0.64/turn               A - ring of willpower

@: storm-form, flying
A: cleaving, insubstantial, flying, large, unfitting armour, (tough skin 1)
a: Blinkbolt, End Transformation, Renounce Religion, Channel Magic, Forget
Spell, Divine Exegesis


You were on level 1 of the Orcish Mines.
You worshipped Sif Muna.
Sif Muna was extremely pleased with you.
You were a lightning-filled tempest!
You visited 4 branches of the dungeon, and saw 21 of its levels.
You also visited: Gauntlet.

You collected 1833 gold pieces.
You spent 430 gold pieces at shops.

Inventory:

Hand Weapons
 G - a +3 spear of venom (melded)
Missiles
 B - 4 throwing nets
 P - 10 atropa-tipped darts
Armour
 K - a +0 troll leather armour (melded)
 O - a +2 hat (melded)
 Q - the +2 cloak "Gahuosyw" (melded) {Will+ Int+2}
   (You found it in a Gauntlet)

   Int:       It affects your intelligence (+2).
   Will:      It increases your willpower.
Jewellery
 a - a ring of magical power (left fist)
 s - a ring of poison resistance
 u - a ring of protection from fire
 A - a ring of willpower (right fist)
 D - an amulet of magic regeneration (around neck)
 I - a ring of ice
 T - a ring of resist corrosion
Wands
 n - a wand of paralysis (11)
 w - a wand of polymorph (19)
 y - a wand of mindburst (9)
 J - a wand of digging (16)
 S - a wand of iceblast (6)
Scrolls
 c - 4 scrolls of fog
 d - 5 scrolls of teleportation
 h - 2 scrolls of poison
 i - 2 scrolls of identify
 j - 2 scrolls of brand weapon
 k - 3 scrolls of enchant armour
 o - 6 scrolls of amnesia
 p - a scroll of enchant weapon
 q - 3 scrolls of immolation
 v - 2 scrolls of blinking
 E - a scroll of noise
 L - a scroll of acquirement {unknown}
 M - a scroll of summoning
 R - 2 scrolls of magic mapping
Potions
 b - a potion of magic
 e - 7 potions of ambrosia
 f - 2 potions of flight
 g - 10 potions of curing
 l - 4 potions of heal wounds
 m - 3 potions of resistance
 r - a potion of berserk rage
 t - 4 potions of mutation
 x - 2 potions of haste
 z - 3 potions of lignification
 C - 4 potions of attraction
 F - a potion of brilliance
 H - a potion of might
 N - a potion of cancellation {unknown}


   Skills:
 - Level 10.0 Fighting
 + Level 2.1 Dodging
 - Level 1.4 Stealth
 + Level 3.3 Unarmed Combat
 - Level 7.5 Spellcasting
 - Level 5.8 Conjurations
 * Level 5.2 Translocations
 - Level 14.1 Transmutations
 - Level 14.5 Air Magic
 - Level 9.3 Invocations


You couldn't memorise any spells.
You knew the following spells:

 Your Spells              Type           Power      Damage    Failure   Level
a - Shock                 Conj/Air       100%       1d9       1%          1
b - Static Discharge      Conj/Air       52%        3-10/arc  1%          2
c - Airstrike             Air            32%        0-11+     1%          4
d - Swiftness             Air            64%        N/A       1%          3
e - Storm Form            Tmut/Air       31%        N/A       19%         7
f - Irradiate             Conj/Tmut      25%        3d21      3%          5
g - Blink                 Tloc           62%        N/A       1%          2
h - Manifold Assault      Tloc           31%        N/A       26%         5

Your spell library contained the following spells:

 Spells                   Type           Power      Damage    Failure   Level
 Magic Dart               Conj           100%       1d8       1%          1
 Searing Ray              Conj           68%        2d6       1%          2
 Mephitic Cloud           Conj/Pois/Air  38%        N/A       1%          3
 Spider Form              Tmut/Pois      39%        N/A       1%          3
 Gell's Gravitas          Tloc           31%        N/A       2%          3
 Lesser Beckoning         Tloc           31%        N/A       2%          3
 Teleport Other           Tloc           31%        N/A       2%          3
 Lightning Bolt           Conj/Air       26%        1d42      3%          5
 Ice Form                 Ice/Tmut       39%        N/A       4%          4
 Petrify                  Tmut/Erth      39%        N/A       4%          4
 Dazzling Flash           Conj/Hex       42%        N/A       7%          3
 Stone Arrow              Conj/Erth      42%        3d9       7%          3
 Freeze                   Ice            32%        1d5       8%          1
 Necrotise                Necr           32%        1d5       8%          1
 Sandblast                Erth           16%        2d6       8%          1
 Slow                     Hex            32%        N/A       8%          1
 Summon Small Mammal      Summ           32%        N/A       8%          1
 Portal Projectile        Hex/Tloc       38%        N/A       8%          3
 Silence                  Hex/Air        20%        N/A       11%         5
 Ensorcelled Hibernation  Hex/Ice        16%        N/A       12%         2
 Sublimation of Blood     Necr           8%         N/A       12%         2
 Yara's Violent Unravell  Hex/Tmut       19%        3d9       12%         5
 Iskenderun's Battlesphe  Conj           34%        2d9       19%         5
 Conjure Ball Lightning   Conj/Air       26%        3x3d7     19%         6
 Call Canine Familiar     Summ           8%         N/A       24%         3
 Confusing Touch          Hex            8%         N/A       24%         3
 Frozen Ramparts          Ice            16%        1d3       24%         3
 Inner Flame              Hex/Fire       8%         N/A       24%         3
 Vampiric Draining        Necr           8%         2d6       24%         3
 Fulminant Prism          Conj/Hex       10%        3d9       24%         4
 Hailstorm                Conj/Ice       21%        3d6       24%         4
 Fireball                 Conj/Fire      10%        3d6       54%         5
 Statue Form              Tmut/Erth      26%        N/A       54%         6
 Anguish                  Hex/Necr       4%         N/A       61%         4
 Animate Armour           Summ/Erth      16%        N/A       61%         4
 Cause Fear               Hex            4%         N/A       61%         4
 Leda's Liquefaction      Hex/Erth       4%         N/A       61%         4
 Olgreb's Toxic Radiance  Pois           8%         N/A       61%         4
 Summon Ice Beast         Ice/Summ       8%         N/A       61%         4
 Dispersal                Tloc           15%        N/A       80%         6
 Agony                    Necr           8%         N/A       91%         5
 Orb of Destruction       Conj           17%        9d7       99%         7
 Simulacrum               Ice/Necr       4%         N/A       100%        6
 Summon Cactus Giant      Summ           4%         N/A       100%        6
 Enfeeble                 Hex            4%         N/A       100%        7
 Spellforged Servitor     Conj/Summ      10%        N/A       100%        7
 Discord                  Hex            4%         N/A       100%        8


Dungeon Overview and Level Annotations

Branches:
Dungeon (12/15)            Temple (1/1) D:7            Lair (6/6) D:10
 Shoals (0/4) Lair:4       Spider (0/4) Lair:4        Slime (0/5) Lair:6
    Orc (2/2) D:12        Gauntlet (visited)
    Elf: Orc:2

Altars:
Ashenzari
Cheibriados
Dithmenos
Elyvilon
Fedhas
Gozag
Hepliaklqana
Kikubaaqudgha
Makhleb
Nemelex Xobeh
Okawaru
Qazlal
Sif Muna
Trog
Uskayaw
Vehumet
Wu Jian
Xom
Yredelemnul
Zin
The Shining One
Jiyva

Shops:
D:9 *   D:12 (   Orc:2 !

Annotations:
D:5 exclusion: water moccasin
D:11 1 runed translucent door, Armakuni's ghost, journeyman HuTm
Temple 2 transporters
Lair:4 3 runed translucent doors, Inib's ghost, journeyman TrFi; Xemekh's ghost, journeyman HOFi
Lair:5 2 transporters


Innate Abilities, Weirdness & Mutations

You are a lightning-filled tempest!
Your electrical attacks strike out in all directions at once.
You are incredibly evasive.
Your insubstantial body is immune to petrification, constriction, and being set on fire You are flying.
You are immune to poison.
Your armour is entirely melded.
You are incapable of wielding weapons or throwing items.
You are too large for most types of armour.
((You have tough skin. (AC +1)))


Message History

You barely miss the warg. The orc warlord completely misses you.
The warg bites you.
Unknown command.
You batter the orc warlord!!
Lightning courses through the orc warlord!!
You punch the orc warlord, but do no damage.
The orc warlord is heavily wounded.
You batter the warg!!
The orc warlord hits you with a +0 vampiric war axe!
The warg barely misses you.
You barely miss the warg. You punch the warg.
The warg is severely wounded.
The orc warlord blocks your attack. The warg bites you but does no damage.
The orc warlord hits you with a +0 vampiric war axe!
Unknown command.
The orc warlord blocks your attack.
The orc warlord is heavily wounded.
You batter the warg!!
You kill the warg!
Sif Muna accepts your kill.
The orc warlord hits you with a +0 vampiric war axe!!
* * * LOW HITPOINT WARNING * * *
You batter the orc warlord!!
Lightning courses through the orc warlord!
The orc warlord is almost dead.
The orc warlord hits you but does no damage.
The orc warlord blocks your attack.
The orc warlord is almost dead.
The orc warlord hits you with a +0 vampiric war axe!
* * * LOW HITPOINT WARNING * * *
Unknown command.
You hit the orc warlord but do no damage.
Lightning courses through the orc warlord!
The orc warlord is almost dead.
The orc warlord hits you with a +0 vampiric war axe!!
* * * LOW HITPOINT WARNING * * *
You completely miss the orc warlord. You punch the orc warlord.
The orc warlord is almost dead.
The orc warlord hits you with a +0 vampiric war axe!
You die...

#......##### #.....#.##.##
#####..........#
##.#...........##
##............###
#....<[......###
###..))))[....#.##
#####......)[[.......###
##.##.......ov[.........##
#..........#..[...##.....#
##......#........##.....##
#.....##.......####.####
#....####.......# ###
##.### ##.......### ###
#..........##
##.##..#....# ###........#


You could see an orc warlord.

Vanquished Creatures
  Gastronok (Lair:1)
  A fire dragon (Lair:6)
  Harold (D:10)
  5 hydras
  A boulder beetle (D:12)
  Fannar (Lair:3)
  A two-headed ogre (D:11)
  11 death yaks
  A soul eater (D:12)
  Amaemon (Lair:1)
  A swamp dragon (Lair:6)
  A deep elf pyromancer (D:12)
  4 lindwurms (Lair:5)
  An orc knight (Orc:1)
  An ugly thing (D:11)
  2 wolf spiders (Lair:6)
  A manticore (D:12)
  A cyclops (D:9)
  An orc sorcerer (Orc:1)
  4 elephants (Lair:5)
  13 black mambas
  A merfolk siren (Lair:4)
  A guardian serpent (Lair:6)
  An ice statue (Lair:3)
  Joseph (D:10)
  2 orange demons
  An unseen horror (D:11)
  A torpor snail (Lair:3)
  Psyche (D:10)
  17 cane toads
  A freezing wraith (Lair:3)
  15 komodo dragons
  2 kobold demonologists (D:11)
  5 rime drakes
  2 ice devils (D:12)
  3 hellwings
  A red devil (D:12)
  3 meliai (Lair:6)
  A queen bee (Lair:6)
  5 trolls
  Grinder (D:4)
  3 merfolk (Lair:4)
  7 polar bears
  2 hornets (Lair:6)
  7 blink frogs
  Prince Ribbit (D:7)
  A raiju (Gauntlet)
  17 dream sheep
  A vampire (D:12)
  9 wyverns
  2 shadows
  A wraith (D:10)
  6 basilisks
  44 yaks
  A chaos spawn (D:12)
  A steam dragon (Lair:6)
  2 redbacks (Lair:6)
  8 vampire mosquitoes
  A death yak simulacrum (Lair:1)
  Grum (D:10)
  2 wargs
  4 acid dragons
  Edmund (D:5)
  26 water moccasins
  A sky beast (D:6)
  12 orc warriors
  A swamp drake (Lair:6)
  9 ice beasts
  An ogre (Orc:1)
  2 black bears
  19 wolves
  2 centaurs
  3 phantoms
  A kobold brigand (D:11)
  8 bullfrogs
  A gnoll sergeant (D:10)
  A necrophage (D:6)
  A cane toad simulacrum (Lair:1)
  13 wights
  24 killer bees
  6 howler monkeys
  An electric eel (D:6)
  A quasit (D:12)
  6 jellies
  A gnoll bouda (D:6)
  8 hounds
  Crazy Yiuf (D:7)
  9 orc priests
  12 iguanas
  17 orc wizards
  Robin (D:4)
  11 gnolls
  6 adders
  2 shadow imps
  4 white imps
  2 ufetubi (D:6)
  2 worms
  2 dart slugs (D:2)
  47 orcs
  5 ball pythons
  9 endoplasms
  6 giant cockroaches
  18 goblins
  10 hobgoblins
  3 jackals (D:1)
  4 kobolds
  6 quokkas
  8 bats
  A frilled lizard (D:3)
  8 rats
583 creatures vanquished.

Vanquished Creatures (others)
  2 bushes (Lair:6)
  4 demonic plants (D:12)
  35 fungi
  85 plants
  4 toadstools (D:1)
130 creatures vanquished.

Grand Total: 713 creatures vanquished

Notes
Turn   | Place    | Note
-------+----------+-------------------------------------------
     0 | D:1      | Ajdolov the Ogre Air Elementalist began the quest for the
                  | Orb.
     0 | D:1      | Reached XP level 1. HP: 16/16 MP: 3/3
     5 | D:1      | Reached skill level 1 in Conjurations
   188 | D:1      | Reached XP level 2. HP: 6/24 MP: 0/5
   408 | D:1      | Learned a level 2 spell: Static Discharge
  1162 | D:1      | Reached XP level 3. HP: 25/31 MP: 2/6
  1805 | D:2      | You fall into a shaft and drop 2 floors!
  1815 | D:4      | Reached XP level 4. HP: 36/39 MP: 4/7
  2180 | D:3      | Reached XP level 5. HP: 18/45 MP: 2/8
  3103 | D:2      | Found a faded altar of an unknown god.
  3888 | D:4      | Noticed a phantom
  3963 | D:4      | Killed a phantom
  3964 | D:4      | Reached skill level 5 in Conjurations
  3964 | D:4      | Reached XP level 6. HP: 48/53 MP: 2/9
  4144 | D:4      | Noticed Grinder
  4255 | D:5      | Entered Level 5 of the Dungeon
  4461 | D:5      | Noticed a water moccasin
  4704 | D:4      | Killed Grinder
  4705 | D:4      | Reached XP level 7. HP: 58/59 MP: 8/12
  4850 | D:4      | Noticed Robin
  4865 | D:4      | Killed Robin
  4869 | D:4      | Found an opulent altar of Gozag.
  5383 | D:5      | Reached skill level 5 in Air Magic
  5780 | D:5      | Learned a level 4 spell: Airstrike
  5793 | D:5      | Noticed Edmund
  5810 | D:5      | Killed Edmund
  5811 | D:5      | Reached XP level 8. HP: 26/67 MP: 12/15
  6265 | D:6      | Reached skill level 1 in Fighting
  6344 | D:6      | Reached skill level 5 in Spellcasting
  6713 | D:6      | Got the Volume of Mutagenic Toxins
  7520 | D:6      | Reached XP level 9. HP: 85/85 MP: 11/16
  7722 | D:6      | Reached skill level 5 in Fighting
  7907 | D:7      | Learned a level 3 spell: Swiftness
  8035 | D:7      | Found a staircase to the Ecumenical Temple.
  8043 | Temple   | Entered the Ecumenical Temple
  8043 | Temple   | Found a transporter.
  8043 | Temple   | Found a transporter.
  8045 | Temple   | Found a transporter.
  8045 | Temple   | Found a transporter.
  8059 | Temple   | Became a worshipper of Sif Muna the Loreminder
  8182 | D:7      | Noticed Prince Ribbit
  8202 | D:7      | Killed Prince Ribbit
  9046 | D:7      | Found a runed translucent door.
  9047 | D:7      | Noticed Crazy Yiuf
  9064 | D:7      | Killed Crazy Yiuf
  9178 | D:7      | Learned a level 7 spell: Storm Form
  9351 | D:8      | Reached skill level 1 in Transmutations
  9668 | D:8      | Reached * piety under Sif Muna
  9669 | D:8      | Reached XP level 10. HP: 98/98 MP: 2/17
 10235 | D:9      | Noticed a cyclops
 10239 | D:9      | Killed a cyclops
 10240 | D:9      | Reached skill level 10 in Air Magic
 10240 | D:9      | Reached skill level 1 in Invocations
 11057 | D:9      | Found Gasycan's General Store.
 11074 | D:9      | Bought the +0 cloak "Xiurhas" {Drain Fly Regen+ Int+9} for
                  | 430 gold pieces
 11273 | D:10     | Entered Level 10 of the Dungeon
 11273 | D:10     | Noticed Harold
 11315 | D:10     | Noticed Psyche
 11320 | D:10     | Killed Psyche
 11323 | D:10     | Reached skill level 5 in Transmutations
 11333 | D:10     | Killed Harold
 11334 | D:10     | Reached XP level 11. HP: 108/111 MP: 5/18
 11349 | D:10     | Noticed Grum
 11444 | D:10     | Killed Grum
 11444 | D:10     | Reached ** piety under Sif Muna
 11506 | D:10     | Noticed Joseph
 11510 | D:10     | Killed Joseph
 11594 | D:10     | Found a staircase to the Lair.
 11626 | D:10     | Found a sparkling altar of Nemelex Xobeh.
 11630 | D:10     | Found a glowing golden altar of the Shining One.
 11883 | Lair:1   | Entered Level 1 of the Lair of Beasts
 11887 | Lair:1   | Reached skill level 5 in Invocations
 11962 | Lair:1   | Found a gate leading to a gauntlet.
 11987 | Gauntlet | Entered a Gauntlet
 11987 | Gauntlet | Found a transporter.
 11990 | Gauntlet | Found a transporter.
 11992 | Gauntlet | Found a transporter.
 11996 | Gauntlet | Found a transporter.
 11999 | Gauntlet | Noticed a wretched star
 12000 | Gauntlet | Noticed a quicksilver ooze
 12001 | Gauntlet | Found a runed translucent door.
 12004 | Gauntlet | Noticed a ghost crab
 12005 | Gauntlet | Found a transporter.
 12005 | Gauntlet | Found a transporter.
 12005 | Gauntlet | Noticed an orange crystal statue
 12006 | Gauntlet | Found a transporter.
 12008 | Gauntlet | Found a transporter.
 12073 | Gauntlet | Found a transporter.
 12074 | Gauntlet | Found a transporter.
 12078 | Gauntlet | Found a transporter.
 12080 | Gauntlet | Found a large runed translucent door.
 12080 | Gauntlet | Found a large runed translucent door.
 12081 | Gauntlet | Found a large runed translucent door.
 12081 | Gauntlet | Found a large runed translucent door.
 12082 | Gauntlet | Found a large runed translucent door.
 12082 | Gauntlet | Found a large runed translucent door.
 12082 | Gauntlet | Found a runed translucent door.
 12082 | Gauntlet | Found a runed translucent door.
 12083 | Gauntlet | Found a large runed translucent door.
 12083 | Gauntlet | Found a large runed translucent door.
 12083 | Gauntlet | Found a large runed translucent door.
 12083 | Gauntlet | Found a runed translucent door.
 12084 | Gauntlet | Found a large runed translucent door.
 12084 | Gauntlet | Found a large runed translucent door.
 12086 | Gauntlet | Found a large runed translucent door.
 12086 | Gauntlet | Found a large runed translucent door.
 12087 | Gauntlet | Found a runed translucent gate.
 12087 | Gauntlet | Found a runed translucent gate.
 12088 | Gauntlet | Noticed a reaper
 12089 | Gauntlet | Found a transporter.
 12091 | Gauntlet | Found a runed translucent gate.
 12099 | Gauntlet | Found a large runed translucent door.
 12100 | Gauntlet | Found a large runed translucent door.
 12110 | Gauntlet | Found a large runed translucent door.
 12403 | Gauntlet | Noticed a minotaur
 12431 | Gauntlet | Identified the +2 cloak "Gahuosyw" {Will+ Int+2}
 12432 | Gauntlet | Got the Disquisition on Creation and Clay
 12541 | Lair:1   | Noticed an eight-headed hydra
 12557 | Lair:1   | Killed an eight-headed hydra
 12948 | Lair:1   | Reached XP level 12. HP: 126/126 MP: 8/19
 13146 | Lair:1   | Noticed Gastronok
 13328 | Lair:1   | Noticed Amaemon
 13341 | Lair:1   | Killed Amaemon
 13355 | Lair:1   | Reached skill level 10 in Fighting
 13626 | Lair:1   | Killed Gastronok
 13626 | Lair:1   | Reached *** piety under Sif Muna
 13949 | Lair:2   | Noticed a six-headed hydra
 14182 | Lair:2   | Killed a six-headed hydra
 15085 | Lair:2   | Reached skill level 10 in Transmutations
 15278 | Lair:3   | Noticed Fannar
 15284 | Lair:3   | Killed Fannar
 15285 | Lair:3   | Reached XP level 13. HP: 133/133 MP: 4/22
 15307 | Lair:3   | Reached **** piety under Sif Muna
 15782 | Lair:3   | Identified the +1 leather armour of Decompression {rElec
                  | rPois}
 16179 | Lair:4   | Found a runed translucent gate.
 16179 | Lair:4   | Found a runed translucent gate.
 16179 | Lair:4   | Found a runed translucent gate.
 16183 | Lair:4   | Noticed Inib's ghost (journeyman TrFi)
 16183 | Lair:4   | Noticed Xemekh's ghost (journeyman HOFi)
 16204 | Lair:4   | Found a hole to the Spider Nest.
 16448 | Lair:4   | Found a sparkling altar of Nemelex Xobeh.
 16604 | Lair:4   | Found a staircase to the Shoals.
 17171 | Lair:5   | Found a transporter.
 17508 | Lair:5   | Found a transporter.
 17664 | Lair:5   | Reached ***** piety under Sif Muna
 18245 | Lair:5   | Learned a level 5 spell: Irradiate
 18297 | Lair:6   | Entered Level 6 of the Lair of Beasts
 18475 | Lair:6   | Received a gift from Sif Muna
 18644 | Lair:6   | Reached XP level 14. HP: 142/143 MP: 19/25
 19144 | Lair:6   | Found a viscous altar of Jiyva.
 20153 | Lair:6   | Received a gift from Sif Muna
 20638 | Lair:6   | Identified the +8 hand axe of Plague {antimagic, Str-4
                  | Int+6}
 20939 | Lair:6   | Found a staircase to the Slime Pits.
 21294 | Lair:6   | Got Sif Muna's Catalogue of Attacks {god gift}
 21542 | Lair:5   | Learned a level 2 spell: Blink
 21744 | Lair:6   | Reached XP level 15. HP: 141/149 MP: 26/26
 21766 | Lair:6   | Reached skill level 1 in Translocations
 22560 | D:11     | Reached skill level 1 in Unarmed Combat
 22855 | D:11     | Received a gift from Sif Muna
 22859 | D:11     | Got Sif Muna's Handbook of the Snowflakes and Clay {god
                  | gift}
 23057 | D:11     | Found a shimmering altar of Xom.
 23058 | D:11     | Found a runed translucent door.
 23058 | D:11     | Noticed Armakuni's ghost (journeyman HuTm)
 23254 | D:11     | Learned a level 5 spell: Manifold Assault
 23501 | D:12     | Found a staircase to the Orcish Mines.
 23511 | D:12     | Found Luniuguf's Weapon Shoppe.
 24321 | D:12     | Found a shimmering altar of Xom.
 24321 | D:12     | Found a shimmering altar of Xom.
 24321 | D:12     | Found a shimmering altar of Xom.
 24322 | D:12     | Found a shimmering altar of Xom.
 24322 | D:12     | Found a shimmering altar of Xom.
 24322 | D:12     | Found a shimmering altar of Xom.
 24323 | D:12     | Found a shimmering altar of Xom.
 24323 | D:12     | Found a shimmering altar of Xom.
 24409 | Orc:1    | Entered Level 1 of the Orcish Mines
 24429 | Orc:1    | Reached skill level 5 in Translocations
 24617 | Orc:2    | Entered Level 2 of the Orcish Mines
 24623 | Orc:2    | Found Uclalel's Distillery.
 25145 | Orc:2    | Noticed an orc warlord
 25162 | Orc:1    | Slain by an orc warlord

Illustrated notes

Levels and vault maps discovered:
D:1:      dpeg_arrival_prison, layout_basic, dk_noncrumbling_2,
          minmay_gold_behind_fungi, minmay_pentomino_v2
D:2:      layout_basic, shapermc_ecumenical_altar_pompeii, serial_rivers,
          chequers_serial_rivers_micro_c, chequers_serial_rivers_room_b,
          chequers_serial_rivers_large_a, chequers_serial_rivers_marsh,
          minmay_fractal_squares_gapless_5
D:3:      layout_basic, grunt_ministairs_5, corexii_leaking_fountain
D:4:      layout_basic, mainiacjoe_overflow_small_starburst, grunt_ministairs_4,
          uniq_grinder, uniq_robin
D:5:      layout_cave_pools, uniq_edmund
D:6:      layout_basic, serial_bayou, serial_bayou_lagoon_a,
          serial_bayou_pond_b, serial_bayou_pond_b, serial_bayou_shore_a,
          mumra_transporter_accident, nicolae_lava_and_water
D:7:      layout_cave_pools, minmay_temple_entry_hall, uniq_crazy_yiuf_cottage,
          uniq_prince_ribbit1
D:8:      layout_basic
D:9:      layout_gridville, serial_shops, nicolae_shop_waterfront
D:10:     layout_big_octagon, minitemple, david_lair_generic,
          kennysheep_flooded_box, nrook_mini_backslash, uniq_harold,
          uniq_joseph, uniq_psyche, uniq_grum
D:11:     layout_loops_cross, ebering_ghost_xom
D:12:     layout_loops_ring, orc_david_3, serial_demonic, serial_demonic_c,
          serial_demonic_f, serial_demonic_a, serial_demonic_c,
          serial_demonic_b, serial_demonic_c, xom_shifter_show
Temple:   hellmonk_temple_divided_pantheon
Lair:1:   layout_hall_layers, gauntlet_entry_generic,
          portal_ice_cave_entry_ice_simulacra, grunt_megastairs_3,
          lemuel_fruit_tree, infiniplex_staircase_pool, uniq_amaemon,
          uniq_gastronok
Lair:2:   layout_misc_corridors, columned_hall_lemuel
Lair:3:   layout_big_grid, minivault_26, dreamdust_deal_with_the_devil,
          ice2_lemuel, serial_bayou_shore_b, uniq_fannar
Lair:4:   layout_gridlike, elwin_shoals_entry_stream, spider_nest_entry_a,
          gammafunk_ghost_cemetery, basic_altar, grunt_megastairs_2
Lair:5:   gammafunk_worm_tunnel, layout_cave_pods, minmay_lindwurm_lava
Lair:6:   hangedman_lair_tendril_chambers, layout_concentric_octagons,
          guppyfry_lair_end_dragon, nicolae_slime_entry_slimehenge, special_room
          [special_room_bee], st_stairs_4
Orc:1:    layout_caves, minmay_orc_temple_c
Orc:2:    st_orc_elflike, layout_caves, serial_shops, shop

Skill      XL: |  1  2  3  4  5  6  7  8  9 10 11 12 13 14 15 |
---------------+----------------------------------------------+-----
Conjurations   | 1 2 3 4 5 |  5.8
Air Magic      | 4 5 7 9 10 11 12 14 | 14.5
Spellcasting   | 3 4 5 6 7 |  7.5
Fighting       | 4 5 8 9 10 | 10.0
Transmutations | 2 6 8 10 12 14 | 14.1
Invocations    | 4 6 8 9 |  9.3
Translocations | 5 |  5.2
Unarmed Combat | 3 |  3.3
Dodging        | 2 |  2.1
Stealth        | |  1.4

Action                   |  1- 3 |  4- 6 |  7- 9 | 10-12 | 13-15 || total
-------------------------+-------+-------+-------+-------+-------++-------
Melee: Spear             |    37 |     1 |    24 |   147 |   109 ||   318
       Whip              |       |    63 |    17 |       |       ||    80
       Punch             |       |       |       |     4 |    15 ||    19
       Unarmed           |       |       |       |       |   247 ||   247
Throw: Throwing net      |       |       |     2 |     2 |       ||     4
 Cast: Shock             |    45 |     2 |    14 |     5 |     1 ||    67
       Static Discharge  |     6 |    35 |    51 |    53 |    37 ||   182
       Airstrike         |       |       |    55 |   170 |   261 ||   486
       Swiftness         |       |       |     3 |       |       ||     3
       Irradiate         |       |       |       |       |    67 ||    67
       Storm Form        |       |       |       |       |    26 ||    26
       Manifold Assault  |       |       |       |       |     1 ||     1
 Abil: Blinkbolt         |       |       |       |       |    14 ||    14
Evoke: Wand              |       |     3 |     2 |       |     1 ||     6
  Use: Potion            |       |       |     3 |     6 |     8 ||    17
       Scroll            |       |       |       |    25 |     7 ||    32
 Stab: Sleeping          |       |     2 |       |       |       ||     2
Armor: Robe              |    11 |    29 |    16 |     1 |       ||    57
       Troll leather arm |       |       |       |   112 |   106 ||   218
       Skin              |       |       |       |       |   135 ||   135
Dodge: Dodged            |    13 |    45 |    44 |   150 |   335 ||   587
Block: Other             |       |     6 |    14 |       |       ||    20
       Reflection        |       |       |     1 |       |       ||     1

Table legend: (Time is in decaauts)
 A = Elapsed time spent in this place.
 B = Non-inter-level travel time spent in this place.
 C = Inter-level travel time spent in this place.
 D = Time resting spent in this place.
 E = Time spent auto-exploring this place.
 F = Levels seen in this place.
 G = Mean time per level.
                   A        B        C        D        E       F      G
               +--------+--------+--------+--------+--------+-----+--------+
         Total |  25308 |  24163 |   1145 |   4586 |  13633 |  22 | 1150.4 |
       Dungeon |  14201 |  13751 |    450 |   2333 |   8849 |  12 | 1183.4 |
        Temple |     36 |     18 |     18 |      0 |      0 |   1 |   36.0 |
          Lair |   9867 |   9202 |    665 |   1727 |   4619 |   6 | 1644.5 |
  Orcish Mines |    754 |    742 |     12 |    446 |    165 |   2 |  377.0 |
      Gauntlet |    449 |    449 |      0 |     80 |      0 |   1 |  449.0 |
               +--------+--------+--------+--------+--------+-----+--------+

Top non-repeatable levels by time:
  Lair:6: 3211 daAuts
  Lair:5: 1843 daAuts
  Lair:1: 1717 daAuts
     D:6: 1619 daAuts
     D:2: 1418 daAuts
     D:4: 1311 daAuts
     D:1: 1280 daAuts
     D:7: 1273 daAuts
     D:8: 1198 daAuts
     D:5: 1170 daAuts
    D:12: 1150 daAuts
     D:3: 1138 daAuts
  Lair:4: 1088 daAuts
  Lair:3: 1044 daAuts
     D:9: 976 daAuts
